 Dungeon Crawl Stone Soup version 0.22.1-5-g62c59d919a (webtiles) character file.

133 H0rd4k the Charlatan (level 5, -2/37 HPs)
             Began as a Human Artificer on Jan 9, 2019.
             Slain by an iguana (4 damage)
             ... on level 4 of the Dungeon.
             The game lasted 00:04:23 (2908 turns).

H0rd4k the Charlatan (Human Artificer)              Turns: 2908, Time: 00:04:24

Health: -2/37      AC:  3    Str: 13    XL:     5   Next: 40%
Magic:  8/8        EV: 12    Int: 12    God:
Gold:   123        SH:  0    Dex: 13    Spells: 4/4 levels left

rFire    . . .     SeeInvis .   n - +1 dagger (speed)
rCold    . . .     Gourm    .   (no shield)
rNeg     . . .     Faith    .   b - +0 leather armour
rPois    .         Spirit   .   (no helmet)
rElec    .         Reflect  .   (no cloak)
rCorr    .         Harm     .   (no gloves)
MR       .....                  (no boots)
Stlth    ++........             (no amulet)
HPRegen  0.12/turn              (no ring)
MPRegen  0.11/turn              (no ring)

@: no status effects
A: no striking features
a: no special abilities


You were on level 4 of the Dungeon.
You were not hungry.

You visited 1 branch of the dungeon, and saw 4 of its levels.

You collected 123 gold pieces.

Inventory:

Hand Weapons
 a - a +0 short sword
 n - a +1 dagger of speed (weapon)
 s - a +2 rapier of venom
 w - a +0 dagger of venom
Missiles
 l - 30 arrows
Armour
 b - a +0 leather armour (worn)
 j - a cursed -2 scale mail
 o - a +0 pair of boots
Wands
 c - a wand of flame (3)
 d - a wand of enslavement (30)
 e - a wand of random effects (15)
Scrolls
 h - a scroll of noise {unknown}
 k - 2 scrolls of enchant weapon
 m - 2 scrolls of identify
 p - a scroll of immolation
 q - 3 scrolls of remove curse {unknown}
 r - 2 scrolls of teleportation {unknown}
 u - a scroll of fear {unknown}
Potions
 g - a potion of heal wounds {unknown}
 i - 2 potions of agility
 t - a potion of invisibility {unknown}
 v - a potion of cancellation {unknown}
Comestibles
 f - 6 rations


   Skills:
 + Level 1.5 Fighting
 + Level 2.2 Short Blades
 + Level 1.4 Armour
 + Level 2.5 Dodging
 + Level 2.0 Stealth
 + Level 4.1 Evocations


You had 4 spell levels left.
You didn't know any spells.
Your spell library was empty.

Dungeon Overview and Level Annotations

Branches:
Dungeon (4/15)
 Temple: D:4-7

Altars:


Message History

You climb downwards.
An iguana and a worker ant come into view.
The iguana hisses angrily.
The worker ant twitches its antennae in your direction.
Found a whip.
There is a stone staircase leading up here.
Found 13 gold pieces.
A worker ant comes into view.
As you read the scroll labeled NUTICU VACZAOWA, it crumbles to dust.
It is a scroll of enchant weapon.
Your +0 dagger of speed glows red for a moment.
As you read the scroll labeled ROGEITZEURPH, it crumbles to dust.
It is a scroll of identify.
i - 2 potions of agility The iguana bites you!
* * * LOW HITPOINT WARNING * * *
As you read the scroll labeled LILINL HOHY, it crumbles to dust.
The creatures around you are filled with an inner flame!
It was a scroll of immolation.
The iguana bites you.
You die...

#.... #.#.# .#
#.#)## ..
##.###....###.#
.#
.............a#
a# #<..# .#
##.## .#
#.########.#
#......al@$#
############


You could see an iguana (inner flame) and 2 worker ants.

Vanquished Creatures
  A worker ant (D:3)
  A gnoll (D:1)
  3 adders
  An ooze (D:3)
  A worm (D:2)
  2 dart slugs
  5 leopard geckos
  6 bats
  2 giant cockroaches
  8 goblins
  5 hobgoblins
  2 quokkas (D:2)
  A ball python (D:1)
  4 frilled lizards
  10 kobolds
  7 rats
59 creatures vanquished.

Notes
Turn   | Place    | Note
-------+----------+-------------------------------------------
     0 | D:1      | H0rd4k the Human Artificer began the quest for the Orb.
     0 | D:1      | Reached XP level 1. HP: 15/15 MP: 3/3
    97 | D:1      | Reached XP level 2. HP: 18/21 MP: 4/4
   152 | D:1      | Reached XP level 3. HP: 23/26 MP: 5/5
   286 | D:1      | Reached skill level 4 in Evocations
  1066 | D:2      | Reached XP level 4. HP: 5/32 MP: 7/7
  2100 | D:3      | Reached skill level 1 in Armour
  2100 | D:3      | Reached XP level 5. HP: 9/37 MP: 8/8
  2868 | D:3      | Noticed an ogre
  2908 | D:4      | Slain by an iguana

Skill      XL: |  1  2  3  4  5 |
---------------+----------------+-----
Evocations     | 4 |  4.1
Short Blades   | 2 |  2.2
Armour         | 1 |  1.4
Stealth        | 2 |  2.0
Fighting       | |  1.5
Dodging        | |  2.5

Action                   |  1- 3 |  4- 6 || total
-------------------------+-------+-------++-------
Melee: Short sword       |    50 |       ||    50
       Dagger            |    47 |   198 ||   245
Evoke: Wand              |     4 |     8 ||    12
  Use: Scroll            |       |     3 ||     3
       Potion            |       |     1 ||     1
 Stab: Sleeping          |     4 |     4 ||     8
  Eat: Chunk             |       |     6 ||     6
Armor: Leather armour    |    17 |    40 ||    57
Dodge: Dodged            |    36 |    96 ||   132
